 Dungeon Crawl Stone Soup version 0.15-a0-1403-g2cecdf4 (webtiles) character file.

18 PolkaDot the Ruinous (level 2, 0/19 HPs)
             Began as a Vampire Conjurer on June 10, 2014.
             Slain by a gnoll
             ... wielding a +0,+0 halberd
              (10 damage)
             ... on Level 1 of the Dungeon.
             The game lasted 00:02:39 (723 turns).

PolkaDot the Ruinous (Vampire Conjurer)              Turns: 723, Time: 00:02:40

HP   0/19        AC  2     Str  7      XL: 2   Next: 48%
MP   1/4         EV 12     Int 17      God:
Gold 68          SH  0     Dex 14      Spells:  1 memorised,  4 levels left

rFire  . . .     SeeInvis +     j - +0 short sword
rCold  . . .     Clarity  .     a - +0 robe
rNeg   . . .     rCorr    .     (no shield)
rPois  .         rRot     .     (no helmet)
rElec  .         Spirit   .     (no cloak)
SustAb .         Warding  .     (no gloves)
rMut   .         Stasis   .     (no boots)
Gourm  .                        (no amulet)
MR     .....                    (no ring)
                                (no ring)

@: regenerating quickly, not resistant to hostile enchantments, unstealthy
A: fangs 3, see invisible, unbreathing
a: no special abilities


You were on level 1 of the Dungeon.
You were full.

You visited 1 branch of the dungeon, and saw 1 of its levels.

You collected 68 gold pieces.

Inventory:

Hand weapons
 j - a +0,+0 short sword (weapon)
Armour
 a - a +0 robe (worn)
Scrolls
 d - 2 scrolls of identify {unknown}
 e - a scroll of fog {unknown}
 f - a scroll of remove curse {unknown}
 g - 2 scrolls of teleportation {unknown}
 h - a scroll of recharging {unknown}
 i - a scroll of random uselessness {unknown}
Books
 c - a book of Conjurations

   Spells                             Type                      Level
   *Magic Dart                        Conjuration                  1
   Searing Ray                        Conjuration                  2
   Dazzling Spray                     Conjuration/Hexes            3
   Fulminant Prism                    Conjuration/Hexes            4
   Iskenderun's Mystic Blast          Conjuration                  4
   Iskenderun's Battlesphere          Conjuration/Charms           5


   Skills:
 - Level 2.1 Dodging
 - Level 3.0 Stealth
 - Level 2.0 Spellcasting
 + Level 3.5 Conjurations


You had 4 spell levels left.
You knew the following spells:

 Your Spells              Type           Power        Failure   Level  Hunger
a - Magic Dart            Conj           ##..         4%          1    #......


Dungeon Overview and Level Annotations

Branches:
Dungeon (1/15)

Altars:
The Shining One


Innate Abilities, Weirdness & Mutations

Your natural rate of healing is unusually fast.
You have razor-sharp teeth.
You have supernaturally acute eyesight.
You can survive without breathing.


Message History

Press: ? - help, Shift-Dir - straight line, f/p - gnoll
Aim: a gnoll, wielding a halberd (moderately wounded)
The magic dart hits the gnoll.
The gnoll is severely wounded.
* * * LOW MAGIC WARNING * * *
Drink which item? (? for menu, Esc to quit)
You feel much better.
It was a potion of heal wounds.
The gnoll barely misses you. The gnoll hits you with a halberd!
Ouch! That really hurt!
* * * LOW HITPOINT WARNING * * *
Drink which item? (? for menu, Esc to quit)
You feel much better. The gnoll hits you with a halberd!
Ouch! That really hurt!
* * * LOW HITPOINT WARNING * * *
Drink which item? (? for menu, Esc to quit)
You feel better.
It was a potion of curing.
The gnoll misses you.
The gnoll hits you from afar with a halberd!
Ouch! That really hurt!
You die...

#.....###................# ######
#.###.###..#.##.##.#..#### .....#
#.# #......#.##.##.#..#### ####.#
#.###.#..............%....
####.###.....#....#.#####.#.%####
..................#..........##.#
..##.####.####.#.##....(...#.#...
...#.# #.# #...#...#####.#.##.#
.....# ##.# #..@#...# ##.#.....
.##### #..# #...#...# #..##....
### #.## ##.g#...# #.###..## ..#
#.# #..#...# #.#...... ..# #.#
##.#...# #(#.##### ..#
#.#######.....####.#.# #
..######.##.................# #
............................# #
..##..###.#.................#####


You could see a gnoll.

Vanquished Creatures
  A giant cockroach (D:1)
  3 goblins (D:1)
  2 hobgoblins (D:1)
  4 jackals (D:1)
  2 kobolds (D:1)
  2 bats (D:1)
  2 rats (D:1)
16 creatures vanquished.

Notes
Turn   | Place    | Note
--------------------------------------------------------------
     0 | D:1      | PolkaDot, the Vampire Conjurer, began the quest for the Orb.
     0 | D:1      | Reached XP level 1. HP: 13/13 MP: 3/3
     0 | D:1      | Found a glowing golden altar of the Shining One.
   374 | D:1      | Reached XP level 2. HP: 19/19 MP: 0/4
   723 | D:1      | Slain by a gnoll

Action                   || total
-------------------------++-------
Melee: Unarmed           ||    24
       Short sword       ||    14
 Cast: Magic Dart        ||    25
  Use: Potion            ||     4
 Stab: Sleeping          ||     1
